 Dungeon Crawl Stone Soup version 0.18.1-8-gdd0e5ea (webtiles) character file.

921 nikopol the Poker (level 7, 0/96 HPs)
             Began as a Minotaur Berserker on May 29, 2016.
             Was a Priest of Trog.
             Slain by an orc priest
             ... wielding a +0 whip
              (1 damage)
             ... on level 4 of the Dungeon.
             The game lasted 00:08:02 (3576 turns).

nikopol the Poker (Minotaur Berserker)              Turns: 3576, Time: 00:08:03

Health: 0/96       AC:  3    Str: 27    XL:     7   Next: 84%
Magic:  6/6        EV: 14    Int:  4    God:    Trog [***...]
Gold:   144        SH:  0    Dex: 11    Spells: 0 memorised, 6 levels left

rFire  + . .     SeeInvis .     o - +0 trident
rCold  . . .     Gourm    +     f - +0 leather armour
rNeg   . . .     Faith    .     (no shield)
rPois  .         Spirit   .     (helmet restricted)
rElec  .         Dismiss  .     (no cloak)
rCorr  .         Reflect  .     (no gloves)
SustAt .         Harm     .     (no boots)
MR     .....                    h - amulet of the gourmand
Stlth  ..........               (no ring)
                                r - ring of protection from fire

@: berserking, very quick, not resistant to hostile enchantments, extremely
unstealthy
A: retaliatory headbutt, horns 2
a: Berserk, Trog's Hand, Burn Spellbooks, Renounce Religion


You were on level 4 of the Dungeon.
You worshipped Trog.
Trog was most pleased with you.
You were very full.

You visited 1 branch of the dungeon, and saw 4 of its levels.

You collected 144 gold pieces.

Inventory:

Hand Weapons
 a - a +0 spear
 o - a +0 trident (weapon)
Missiles
 i - 68 arrows (quivered)
Armour
 b - a +0 animal skin
 f - a +0 leather armour (worn)
Jewellery
 h - an amulet of the gourmand (around neck)
 r - a ring of protection from fire (left hand)
Wands
 t - a wand of slowing (19/48)
Scrolls
 d - a scroll of enchant armour {unknown}
 e - a scroll of recharging {unknown}
 k - 2 scrolls of remove curse {unknown}
 l - a scroll of amnesia {unknown}
 p - a scroll of fog {unknown}
 q - 3 scrolls of identify {unknown}
 s - 2 scrolls of immolation {unknown}
Potions
 g - a potion of heal wounds {unknown}
 j - a potion of curing {unknown}
 n - 2 potions of degeneration {unknown}
 v - a potion of ambrosia {unknown}
Comestibles
 c - 4 bread rations
 m - a meat ration
 u - a slice of pizza
 w - 5 chunks of flesh


   Skills:
 + Level 6.4 Fighting
 + Level 6.6 Polearms
 + Level 5.5 Armour
 + Level 5.4 Dodging


You had 6 spell levels left.
You didn't know any spells.

Dungeon Overview and Level Annotations

Branches:
Dungeon (4/15)
 Temple: D:4-7

Altars:
Dithmenos
Elyvilon
Qazlal
Ru
Yredelemnul
Zin
The Shining One


Innate Abilities, Weirdness & Mutations

You reflexively headbutt those who attack you in melee.
You have a pair of horns on your head.


Message History

Your headbutt misses the orc priest.
The orc priest is severely wounded.
The orc priest misses you. You furiously retaliate!
You headbutt the orc priest, but do no damage.
You hit the orc priest but do no damage.
The orc priest is severely wounded.
The orc priest misses you.
You closely miss the orc priest.
The orc priest is severely wounded.
The orc priest mumbles some strange prayers to Beogh against you.
You struggle to resist.
You barely miss the orc priest.
You headbutt the orc priest, but do no damage.
The orc priest is severely wounded.
The orc priest hits you with a whip.
* * * LOW HITPOINT WARNING * * *
A red film seems to cover your vision as you go berserk!
You feel yourself moving faster!
You feel mighty! The orc priest hits you with a whip.
You die...

......#
#.......#
......#
#.......#
......#
#......##
......#
#......#
......#
#......#
......#
#.....(#
......#
#......#
......#
#......#
......#
#....@.#
......#
#...))o#
......#
#......#
......#
#......#
......#
#......#
......#
#......#
......#
#......#
......#
#......#
......#


You could see an orc priest.

Vanquished Creatures
  The ghost of nikopol the Skirmisher, a novice MiBe of Trog (D:4)
  2 ogres (D:4)
  2 giant frogs (D:3)
  An orc wizard (D:4)
  Natasha (thrice) (D:3)
  Robin (D:2)
  4 gnolls (D:3)
  5 adders
  2 oozes (D:2)
  A worm (D:2)
  4 dart slugs
  4 giant geckos
  5 orcs
  6 bats
  4 giant cockroaches
  14 goblins
  3 hobgoblins (D:1)
  4 jackals (D:1)
  7 kobolds
  A ball python (D:4)
  5 giant newts
  6 rats
85 creatures vanquished.

Notes
Turn   | Place    | Note
--------------------------------------------------------------
     0 | D:1      | nikopol the Minotaur Berserker began the quest for the Orb.
     0 | D:1      | Reached XP level 1. HP: 19/19 MP: 0/0
    87 | D:1      | Reached XP level 2. HP: 23/27 MP: 1/1
   267 | D:1      | Reached ** piety under Trog
   494 | D:1      | Reached XP level 3. HP: 33/33 MP: 2/2
   959 | D:2      | Noticed Robin
   974 | D:2      | Killed Robin
   974 | D:2      | Reached XP level 4. HP: 15/40 MP: 3/3
  1502 | D:2      | Found a stormy altar of Qazlal.
  1844 | D:3      | Noticed a giant frog
  1854 | D:3      | Killed a giant frog
  1854 | D:3      | Reached XP level 5. HP: 37/47 MP: 4/4
  2031 | D:3      | Noticed Natasha
  2035 | D:3      | Killed Natasha
  2035 | D:3      | Reached skill level 5 in Polearms
  2060 | D:3      | Found a shadowy altar of Dithmenos.
  2079 | D:3      | Reached *** piety under Trog
  2187 | D:3      | Reached skill level 5 in Fighting
  2187 | D:3      | Reached XP level 6. HP: 31/56 MP: 5/5
  2400 | D:3      | Noticed Natasha
  2402 | D:3      | Killed Natasha
  2476 | D:3      | Found a glowing golden altar of the Shining One.
  2495 | D:3      | Found a white marble altar of Elyvilon.
  2496 | D:3      | Found a glowing silver altar of Zin.
  2646 | D:3      | Found a basalt altar of Yredelemnul.
  2930 | D:3      | Noticed Natasha
  2937 | D:3      | Killed Natasha
  3080 | D:4      | Found a sacrificial altar of Ru.
  3345 | D:4      | Noticed nikopol's ghost (novice MiBe)
  3365 | D:4      | Killed nikopol's ghost
  3365 | D:4      | Reached skill level 5 in Armour
  3365 | D:4      | Reached skill level 5 in Dodging
  3365 | D:4      | Reached XP level 7. HP: 55/63 MP: 6/6
  3575 | D:4      | HP: 1/64 [orc priest/whip (4)]
  3576 | D:4      | Slain by an orc priest

Skill      XL: |  1  2  3  4  5  6 |
---------------+-------------------+-----
Polearms       | 4 5 6 |  6.6
Fighting       | 4 5 6 |  6.4
Armour         | 3 4 5 |  5.5
Dodging        | 3 4 5 |  5.4

Action                   |  1- 3 |  4- 6 |  7- 9 || total
-------------------------+-------+-------+-------++-------
Melee: Spear             |    82 |       |       ||    82
       Headbutt          |    11 |    15 |     5 ||    31
       Trident           |    23 |   133 |    21 ||   177
Invok: Berserk           |     1 |     1 |     1 ||     3
 Stab: Sleeping          |       |     1 |       ||     1
  Eat: Chunk             |    12 |     8 |     2 ||    22
Armor: Leather armour    |    15 |    17 |     1 ||    33
Dodge: Dodged            |    40 |    48 |     6 ||    94
